 Dungeon Crawl Stone Soup version 0.29-a0-330-g52719c12eb (webtiles) character file.

Game seed: 16354081311817796624

81 kae the Firebug (level 4, -1/42 HPs)
             Began as an Octopode Fire Elementalist on Apr 18, 2022.
             Slain by an orc
             ... wielding a +0 trident
              (8 damage)
             ... on level 3 of the Dungeon.
             The game lasted 00:00:55 (2968 turns).

kae the Firebug (Octopode Fire Elementalist)        Turns: 2968, Time: 00:00:56

Health: -1/42      AC:  1    Str:  7    XL:     4   Next: 40%
Magic:  7/7        EV: 13    Int: 19    God:
Gold:   42         SH:  0    Dex: 10    Spells: 1/7 levels left

rFire   . . .      SeeInvis .   c - +0 dagger
rCold   . . .      Faith    .   (no shield)
rNeg    . . .      Spirit   .   (helmet restricted)
rPois   .          Reflect  .   (no amulet)
rElec   .          Harm     .   (no ring)
rCorr   .          Rampage  .   (no ring)
Will    .....                   (no ring)
Stlth   ..........              (no ring)
HPRegen 0.14/turn               (no ring)
MPRegen 0.10/turn               (no ring)
                                (no ring)
                                (no ring)

@: berserking (expiring), very quick
A: almost no armour, amphibious, 8 rings, camouflage 1, gelatinous body 1,
(nimble swimmer 1), tentacles, tentacle spike 1, clumsy 1, deterioration 1, wild
magic 1
a: no special abilities


You were on level 3 of the Dungeon.
You visited 1 branch of the dungeon, and saw 3 of its levels.

You collected 42 gold pieces.

Inventory:

Hand Weapons
 c - a +0 dagger (weapon)
Scrolls
 e - a scroll of identify
 g - a scroll of magic mapping {unknown}
 i - a scroll of teleportation {unknown}
 j - a scroll of summoning {unknown}
 k - a scroll of fear {unknown}
 l - a scroll of amnesia {unknown}
Potions
 a - a potion of magic
 d - 2 potions of haste
 f - a potion of mutation


   Skills:
 + Level 1.0 Fighting
 + Level 2.4 Dodging
 + Level 3.4 Stealth
 + Level 2.3 Spellcasting
 + Level 1.7 Conjurations
 * Level 3.8 Fire Magic


You had one spell level left.
You knew the following spells:

 Your Spells              Type           Power      Damage    Failure   Level
a - Foxfire               Conj/Fire      64%        2x1d7     9%          1
b - Scorch                Fire           42%        2d7       9%          2
c - Conjure Flame         Conj/Fire      16%        6-21      22%         3

Your spell library contained the following spells:

 Spells                   Type           Power      Damage    Failure   Level
 Inner Flame              Hex/Fire       12%        N/A       30%         3
 Ignite Poison            Fire/Tmut/Pois 9%         N/A       36%         3
 Mephitic Cloud           Conj/Pois/Air  5%         N/A       45%         3
 Flame Wave               Conj/Fire      16%        2d6       54%         4
 Freezing Cloud           Conj/Ice/Air   2%         6-21      99%         5


Dungeon Overview and Level Annotations

Branches:
Dungeon (3/15)

Altars:


Innate Abilities, Weirdness & Mutations

You cannot wear most types of armour.
You are amphibious.
You can wear up to eight rings at the same time.
Your skin changes colour to match your surroundings (Stealth+).
Your rubbery body absorbs attacks. (AC +1, EV +1)
((You are camouflaged when in or above water. (Stealth+)))
You have tentacles for arms and can constrict up to eight enemies at once.
One of your tentacles bears a spike.
You are clumsy. (Dex -2)
Your body sometimes deteriorates upon taking damage.
Your spells are a little harder to cast, but a little more powerful.


Message History

It is a scroll of identify.
d - 2 potions of haste The orc hits you with a +0 short sword.
It was a potion of cancellation.
You feel magically purged. The orc hits you with a +0 short sword.
It was a potion of mutation.
You feel extremely strange.
You feel clumsy.
One of your lower tentacles grows a sharp spike.
You feel yourself wasting away.
You feel less in control of your magic. The orc completely misses you.
It was a potion of curing.
You feel better.
It was a potion of berserk rage.
A red film seems to cover your vision as you go berserk!
You feel yourself moving faster!
You feel mighty! The orc hits you with a +0 short sword.
You puncture the orc!
You kill the orc!
You puncture the orc!
You kill the orc!
The orc misses you. The orc barely misses you.
Things that are here:
a +0 short sword; a +0 short sword; a +0 scale mail You barely miss something.
You pierce something!
Your squeeze misses something.
The orc hits you from afar with a +0 trident.
The orc misses you.
You puncture something! Your squeeze misses something.
The orc completely misses you.
The orc hits you from afar with a +0 trident!
* * * LOW HITPOINT WARNING * * *
Something hits you.
* * * LOW HITPOINT WARNING * * *
Something freezes you.
* * * LOW HITPOINT WARNING * * *
You puncture something!
Reactivating autopickup.
You feel a bit more experienced.
Your Fighting skill increases to level 1!
You have reached level 4!
The orc hits you from afar with a +0 trident!
You die...

#.# #.# #.# # #.#
#.####.# ...#o#
####o#.# ###
#...o@)########.#
#$##o##.........# #.
#)......### ..
#.........#
#####......##.#
#..........#.#
#######.##.......#.#
...#.#.##.#.#.###.#
##.#.#......#...#.#


You could see 4 orcs.

Vanquished Creatures
  An orc wizard (D:3)
  2 adders
  2 orcs (D:3)
  3 endoplasms (D:2)
  2 giant cockroaches (D:1)
  5 goblins
  3 hobgoblins
  2 quokkas (D:1)
  4 ball pythons
  4 bats
  3 kobolds
  2 rats
33 creatures vanquished.

Vanquished Creatures (others)
  82 foxfires
82 creatures vanquished.

Grand Total: 115 creatures vanquished

Notes
Turn   | Place    | Note
-------+----------+-------------------------------------------
     0 | D:1      | kae the Octopode Fire Elementalist began the quest for the
                  | Orb.
     0 | D:1      | Reached XP level 1. HP: 11/11 MP: 3/3
    38 | D:1      | You fall into a shaft and drop 1 floor!
   188 | D:1      | Found a faded altar of an unknown god.
   774 | D:1      | Reached XP level 2. HP: 9/17 MP: 3/5
  2082 | D:2      | Reached XP level 3. HP: 12/22 MP: 2/6
  2567 | D:2      | Learned a level 2 spell: Scorch
  2710 | D:2      | Learned a level 3 spell: Conjure Flame
  2959 | D:3      | Gained mutation: You are clumsy. (Dex -2) [potion of
                  | mutation]
  2959 | D:3      | Gained mutation: One of your tentacles bears a spike.
                  | [potion of mutation]
  2959 | D:3      | Gained mutation: Your body sometimes deteriorates upon
                  | taking damage. [potion of mutation]
  2959 | D:3      | Gained mutation: Your spells are a little harder to cast,
                  | but a little more powerful. [potion of mutation]
  2968 | D:3      | Reached skill level 1 in Fighting
  2968 | D:3      | Reached XP level 4. HP: 7/28 MP: 7/7
  2968 | D:3      | Slain by an orc

Illustrated notes

Levels and vault maps discovered:
D:1:      ncdulo_smallfort, layout_loops_corners, basic_ecumenical_altar
D:2:      layout_loops_ring
D:3:      layout_basic

Skill      XL: |  1  2  3 |
---------------+----------+-----
Stealth        | 3 |  3.4
Fighting       | 1 |  1.0
Dodging        | |  2.4
Spellcasting   | |  2.3
Conjurations   | |  1.7
Fire Magic     | |  3.8

Action                   |  1- 3 |  4- 6 || total
-------------------------+-------+-------++-------
Melee: Unarmed           |    12 |       ||    12
       Dagger            |    16 |       ||    16
       Tentacles         |     5 |       ||     5
       Constrict         |     3 |       ||     3
       Kick              |     1 |       ||     1
 Cast: Foxfire           |    50 |       ||    50
       Scorch            |     5 |       ||     5
  Use: Potion            |     4 |       ||     4
       Scroll            |     1 |       ||     1
 Stab: Sleeping          |     2 |       ||     2
Armor: Skin              |     2 |       ||     2
Dodge: Dodged            |    27 |       ||    27

Table legend: (Time is in decaauts)
 A = Elapsed time spent in this place.
 B = Non-inter-level travel time spent in this place.
 C = Inter-level travel time spent in this place.
 D = Time resting spent in this place.
 E = Time spent auto-exploring this place.
 F = Levels seen in this place.
 G = Mean time per level.
                   A        B        C        D        E       F      G
               +--------+--------+--------+--------+--------+-----+--------+
         Total |   2967 |   2945 |     22 |     47 |   2639 |   3 |  989.0 |
       Dungeon |   2967 |   2945 |     22 |     47 |   2639 |   3 |  989.0 |
               +--------+--------+--------+--------+--------+-----+--------+

Top non-repeatable levels by time:
     D:2: 1412 daAuts
     D:1: 1359 daAuts
     D:3: 195 daAuts
